AoeStats
← GreatPerson25

Golden Pit

509201867Analyzed
1v1 RM · 5d ago on Sep 25, 2026· 33m 58s· 2 players
Game mode
Random Map
Map size
Tiny (2 player)
Population
200
Speed
Normal
Resources
Standard
Victory
Conquest
Starting age
Dark Age
Ending age
Imperial Age
RankedLock teamsTeams togetherTeam positionsShared explorationLock speedFull tech treeHidden civsTurbo modeCheats
Victory
Defeat
🇺🇸 Jurchens · United States
1660
+18
🇺🇸 Magyars · United States
1712
-18
GreatPerson25
8:30 Feudal Age
10:05 Double-Bit Axe
10:36 Loom
14:41 Horse Collar
18:32 Bloodlines
18:29 Scale Barding Armor
18:58 Forging
22:48 Wheelbarrow
25:47 Castle Age
27:13 Iron Casting
26:13 Light Cavalry
27:50 Chain Barding Armor
34:02 Heavy Plow
CORP | Diego_Corsant
5:45 Loom
8:50 Feudal Age
9:54 Double-Bit Axe
23:50 Castle Age
22:59 Scale Barding Armor
24:06 Bloodlines
24:02 Light Cavalry
25:35 Wheelbarrow
26:22 Pikeman
27:13 Scale Mail Armor
28:35 Husbandry
30:25 Chain Barding Armor
31:58 Chain Mail Armor
Connection lost

Rejoining the realm…

Still unreachable

The connection could not be restored.

Session expired

The server has moved on; the page needs a fresh start.